 Dungeon Crawl Stone Soup version 0.30.1-3-gfc49f6343a (webtiles) character file.

Game seed: 16350626865025248579

1586 cheesebisquit the Grappler (level 8, -1/75 (80) HPs)
             Began as a Troll Fighter on July 21, 2023.
             Slain by a wight
             ... wielding a +1 battleaxe of flaming
              (16 damage)
             ... on level 6 of the Dungeon.
             The game lasted 00:11:30 (4248 turns).

cheesebisquit the Grappler (Troll Fighter)          Turns: 4248, Time: 00:11:31

HP:   -1/75 (80)    AC:  7    Str: 25    XL:     8   Next: 61%
MP:   7/7           EV:  9    Int:  6    God:
Gold: 286           SH:  8    Dex:  9    Spells: 7/7 levels left

rFire   . .          .
                       - Unarmed
rCold   . . .        f - +0 kite shield
rNeg    . . .        o - +0 animal skin
rPois   .            (helmet restricted)
rElec   .            m - +2 cloak
rCorr   .            (gloves unavailable)
SInv    .            (boots unavailable)
Will    .....        (no amulet)
Stlth   +            h - ring of flight
HPRegen 1.12/turn    y - +4 ring of slaying
MPRegen 0.10/turn

%: no passive effects
@: about to teleport, flying, drained
A: large, unfitting armour, claws 3, regeneration 1, shaggy fur 1, tough skin 1
a: no special abilities


You were on level 6 of the Dungeon.
You visited 1 branch of the dungeon, and saw 6 of its levels.

You collected 286 gold pieces.

Inventory:

Hand Weapons
 b - a +2 antimagic sling
 k - a +3 morningstar
 w - the +5 woodcutter's axe
   (You found it on level 5 of the Dungeon)
Missiles
 q - 2 curare-tipped darts (quivered)
 B - 2 boomerangs
 D - 5 poisoned darts
Armour
 f - a +0 kite shield (worn)
 m - a +2 cloak (worn)
 o - a +0 animal skin (worn)
Magical Staves
 x - a staff of earth
Jewellery
 h - a ring of flight (left claw)
 l - a ring of fire
 t - a ring of magical power
 y - a +4 ring of slaying (right claw)
Wands
 s - a wand of paralysis (7)
 E - a wand of iceblast (11)
Scrolls
 a - a scroll of magic mapping {unknown}
 i - a scroll of torment {unknown}
 n - a scroll of blinking {unknown}
 v - a scroll of brand weapon {unknown}
 A - a scroll of enchant armour {unknown}
 C - a scroll of identify {unknown}
Potions
 c - 3 potions of might
 d - a potion of mutation {unknown}
 e - 5 potions of curing {unknown}
 j - a potion of magic {unknown}
 p - a potion of attraction {unknown}
 r - a potion of ambrosia {unknown}
 u - a potion of degeneration {unknown}
 z - 3 potions of heal wounds {unknown}


   Skills:
 + Level 5.1 Fighting
 - Level 2.4 Dodging
 + Level 5.6 Shields
 * Level 8.0 Unarmed Combat


You had 7 spell levels left.
You didn't know any spells.
Your spell library contained the following spells:

 Spells                   Type           Power      Damage    Failure   Level
 Apportation              Tloc           0%         N/A       67%         1
 Summon Small Mammal      Summ           0%         N/A       67%         1
 Lesser Beckoning         Tloc           0%         N/A       82%         2
 Call Canine Familiar     Summ           0%         N/A       96%         3
 Gell's Gravitas          Tloc           0%         N/A       96%         3
 Summon Guardian Golem    Hex/Summ       0%         N/A       96%         3
 Teleport Other           Tloc           0%         N/A       96%         3
 Alistair's Intoxication  Tmut/Pois      0%         N/A       100%        5
 Iskenderun's Battlesphe  Conj           0%         2d6       100%        5
 Iron Shot                Conj/Erth      0%         9d1       100%        6
 Spellforged Servitor     Conj/Summ      0%         N/A       100%        7


Dungeon Overview and Level Annotations

Branches:
Dungeon (6/15)
 Temple: D:4-7

Altars:
Dithmenos
Gozag
Okawaru

Annotations:
D:6 3 runed translucent doors, Rudioso's ghost, novice VSBr


Innate Abilities, Weirdness & Mutations

You are too large for most types of armour.
You have claws for hands.
Your natural rate of healing is unusually fast.
You are covered in fur. (AC +1)
You have tough skin. (AC +1)


Message History

A wight comes into view. It is wielding a +0 flail.
You claw the sleepcap!
The sleepcap is moderately damaged.
You claw the sleepcap!
The sleepcap is heavily damaged.
You block the wight's attack.
The sleepcap releases spores at you but does no damage.
You scratch the sleepcap.
The sleepcap is severely damaged.
The wight hits you with a +1 battleaxe of flaming!
The wight burns you. You block the wight's attack.
The sleepcap releases spores at you.
You claw the sleepcap!
The sleepcap is almost destroyed.
The wight hits you with a +1 battleaxe of flaming.
The wight burns you.
The wight hits you from afar with a +3 halberd of freezing.
You feel drained. The wight freezes you. You block the sleepcap's attack.
You mangle the sleepcap!!
You destroy the sleepcap!
The wight closely misses you.
The wight hits you from afar with a +3 halberd of freezing.
You feel drained. The wight freezes you.
Your Unarmed Combat skill increases to level 8!
You closely miss the wight. You block the wight's attack.
The wight hits you from afar with a +3 halberd of freezing!
You feel drained. The wight freezes you.
* * * LOW HITPOINT WARNING * * *
As you read the scroll of teleportation, it crumbles to dust.
You feel strangely unstable.
The wight hits you from afar with a +3 halberd of freezing!
* * * LOW HITPOINT WARNING * * *
The wight freezes you.
* * * LOW HITPOINT WARNING * * *
You block the wight's attack. The wight barely misses you.
Okay, then.
The wight attacks as you move away! You block the wight's attack.
The wight attacks as you move away!
The wight hits you with a +1 battleaxe of flaming!
You die...

##.....####.[.###
#......
#..###.......##
##...... #.##
##....###
#....... ###
##..## #.......
#..# #.......
##.# ###.....
#######.## ####..
#........### ###
#......@...#
#.....zz...#
#.......z...#
#........>..#
.............#
........?....#
[..........#..#
..........###..
#.........# ..


You could see 3 wights.

Vanquished Creatures
  A wyvern (D:5)
  An orc warrior (D:6)
  An ice beast (D:6)
  A black bear (D:4)
  An ogre (D:5)
  2 phantoms
  A bullfrog (D:6)
  A scorpion (D:5)
  5 wights
  2 howler monkeys
  2 hounds (D:5)
  3 orc priests
  A sleepcap (D:6)
  Ijyb (D:3)
  2 iguanas
  An orc wizard (D:4)
  Robin (D:3)
  8 adders
  An ufetubus (D:4)
  A worm (D:4)
  A dart slug (D:4)
  19 orcs
  10 endoplasms
  2 giant cockroaches
  8 hobgoblins
  7 jackals
  5 quokkas
  3 ball pythons
  6 bats
  2 frilled lizards
  15 goblins
  7 kobolds
  2 rats (D:3)
124 creatures vanquished.

Notes
Turn   | Place    | Note
-------+----------+-------------------------------------------
     0 | D:1      | cheesebisquit the Troll Fighter began the quest for the
                  | Orb.
     0 | D:1      | Reached XP level 1. HP: 22/22 MP: 0/0
   103 | D:1      | Found a faded altar of an unknown god.
   204 | D:1      | Reached XP level 2. HP: 29/29 MP: 1/1
   606 | D:2      | Reached XP level 3. HP: 36/36 MP: 2/2
   811 | D:2      | Reached skill level 3 in Unarmed Combat
  1251 | D:3      | Noticed Robin
  1296 | D:2      | Reached XP level 4. HP: 40/44 MP: 3/3
  1326 | D:3      | Killed Robin
  1388 | D:3      | Found an iron altar of Okawaru.
  1714 | D:3      | Noticed Ijyb
  1723 | D:3      | Killed Ijyb
  1724 | D:3      | Reached skill level 4 in Unarmed Combat
  1724 | D:3      | Reached XP level 5. HP: 42/53 MP: 4/4
  1786 | D:3      | Noticed a phantom
  1794 | D:3      | Killed a phantom
  2027 | D:4      | Noticed a black bear
  2191 | D:4      | Found a shadowy altar of Dithmenos.
  2374 | D:4      | Reached XP level 6. HP: 61/61 MP: 5/5
  2515 | D:4      | Reached skill level 5 in Unarmed Combat
  2985 | D:5      | Entered Level 5 of the Dungeon
  3007 | D:5      | Noticed a wyvern
  3021 | D:5      | Killed a wyvern
  3022 | D:5      | Reached XP level 7. HP: 23/70 MP: 6/6
  3267 | D:5      | Reached skill level 6 in Unarmed Combat
  3492 | D:5      | Found the +5 woodcutter's axe
  3727 | D:6      | Reached XP level 8. HP: 79/79 MP: 7/7
  3738 | D:6      | Reached skill level 5 in Shields
  3755 | D:6      | Reached skill level 7 in Unarmed Combat
  4013 | D:6      | Reached skill level 5 in Fighting
  4102 | D:6      | Found a runed translucent gate.
  4102 | D:6      | Found a runed translucent gate.
  4103 | D:6      | Found an opulent altar of Gozag.
  4103 | D:6      | Found a runed translucent gate.
  4104 | D:6      | Noticed a komodo dragon
  4105 | D:6      | Noticed Rudioso's ghost (novice VSBr)
  4245 | D:6      | Reached skill level 8 in Unarmed Combat
  4248 | D:6      | Slain by a wight

Illustrated notes

Levels and vault maps discovered:
D:1:      amcnicky_arrival_choice, layout_basic,
          shapermc_ecumenical_altar_petra, serial_park_tiny_pond,
          minmay_liquid_box
D:2:      layout_basic, serial_glass, glass_columns_a, glass_columns_a,
          minmay_strange_pillars
D:3:      layout_loops_ring, mainiacjoe_overflow_cross_hatched, uniq_robin,
          uniq_ijyb
D:4:      layout_loops_ring, mainiacjoe_overflow_alcove_1
D:5:      layout_basic, serial_glass, glass_columns_b, glass_columns_c,
          glass_columns_a, glass_columns_a
D:6:      layout_cave_pods, ebering_ghost_gozag, lemuel_flamethrower_2

Skill      XL: |  1  2  3  4  5  6  7  8 |
---------------+-------------------------+-----
Shields        | 3 4 5 |  5.6
Unarmed Combat | 3 4 5 6 8 |  8.0
Fighting       | 3 4 5 |  5.1
Dodging        | |  2.4

Action                     |  1- 3 |  4- 6 |  7- 9 || total
---------------------------+-------+-------+-------++-------
  Melee: Unarmed           |   113 |   144 |    80 ||   337
   Fire: Sling             |     2 |       |       ||     2
  Throw: Dart              |       |     4 |     2 ||     6
         Boomerang         |       |     3 |    22 ||    25
  Evoke: Wand              |       |       |     5 ||     5
    Use: Scroll            |       |     1 |     3 ||     4
         Potion            |       |     1 |       ||     1
   Stab: Sleeping          |       |     1 |       ||     1
 Armour: Robe              |    45 |     6 |       ||    51
         Animal skin       |       |    45 |    11 ||    56
  Dodge: Dodged            |    41 |    39 |    24 ||   104
  Block: Kite shield       |    45 |    45 |    34 ||   124
